 Dungeon Crawl Stone Soup version 0.21.1-1-g345015f (webtiles) character file.

137 Monsterracer the Conjurer (level 5, -6/46 HPs)
             Began as an Octopode Wizard on Mar 25, 2018.
             Mangled by ceb's ghost (8 damage)
             ... on level 3 of the Dungeon.
             The game lasted 00:04:35 (3573 turns).

Monsterracer the Conjurer (Octopode Wizard)         Turns: 3573, Time: 00:04:36

Health: -6/46      AC: 24    Str:  7    XL:     5   Next: 20%
Magic:  1/9        EV:  2    Int: 21    God:
Gold:   143        SH:  0    Dex: 10    Spells: 1/10 levels left

rFire    . . .     SeeInvis .   b - +2 flail (drain)
rCold    . . .     Gourm    .   (no shield)
rNeg     + + +     Faith    .   (helmet currently unavailable)
rPois    +         Spirit   .   f - amulet of inaccuracy (curse)
rElec    .         Reflect  .   m - +2 ring of protection
rCorr    .         Harm     .   d - ring of protection from magic {!d}
MR       +....     NoTele   +   (no ring)
Stlth    ++........             (no ring)
HPRegen  0.15/turn              (no ring)
MPRegen  0.11/turn              (no ring)
                                (no ring)
                                (no ring)

@: tree-form
A: almost no armour, stealthy swim, (amphibious), 8 rings, (constrict 8)
a: no special abilities


You were on level 3 of the Dungeon.
You were very hungry.
You were a tree.
You visited 1 branch of the dungeon, and saw 3 of its levels.

You collected 143 gold pieces.

Inventory:

Hand Weapons
 b - a +2 flail of draining (weapon)
Missiles
 k - a throwing net (quivered)
Armour
 a - a +1 hat (melded)
Jewellery
 d - a ring of protection from magic (right branch) {!d}
 f - a cursed amulet of inaccuracy (around neck)
 j - an uncursed ring of ice
 m - a +2 ring of protection (left branch)
Scrolls
 e - a scroll of immolation {!r}
 l - a scroll of teleportation
Potions
 g - 2 potions of lignification
 h - 2 potions of heal wounds {unknown}
Comestibles
 c - 5 rations


   Skills:
 - Level 2.0 Dodging
 - Level 2.6 Stealth
 - Level 3.0 Spellcasting
 + Level 4.9 Conjurations
   Level 1.0 Summonings
 - Level 1.0 Translocations


You had one spell level left.
You knew the following spells:

 Your Spells              Type           Power        Failure   Level  Hunger
a - Magic Dart            Conj           ###.         1%          1    None
b - Conjure Flame         Conj/Fire      ##......     14%         3    ###....
c - Mephitic Cloud        Conj/Pois/Air  ##......     21%         3    ###....
e - Blink                 Tloc           N/A          13%         2    ##.....


Dungeon Overview and Level Annotations

Branches:
Dungeon (3/15)

Altars:

Annotations:
D:3 ceb's ghost, weakling DsFi


Innate Abilities, Weirdness & Mutations

You cannot wear most types of armour.
You are very stealthy in the water. (Stealth+)
((You are amphibious.))
You can wear up to eight rings at the same time.
((You can use your tentacles to constrict eight enemies at once.))
((Your skin changes colour to match your surroundings (Stealth+).))
((Your rubbery body absorbs attacks. (AC +1, EV +1)))


Message History

HP restored.
Found a leather armour.
Health restored: 31 Ceb's ghost is too close now for your liking.
Ceb's ghost is nearby!
Casting: Magic Dart
Confirm with . or Enter, or press ? or * to list all spells.
Aiming: Magic Dart
Press: ? - help, Shift-Dir - straight line, f - ceb's ghost
Aim: ceb's ghost (hasn't noticed you)
The magic dart hits ceb's ghost.
You now have 8/9 mp.
Casting: Magic Dart
Confirm with . or Enter, or press ? or * to list all spells.
Aiming: Conjure Flame
Press: ? - help, Dir - move target cursor, p - ceb's ghost The fire ignites!
You now have 5/9 mp.
Casting: Conjure Flame
Confirm with . or Enter, or press ? or * to list all spells.
Aiming: Magic Dart
Press: ? - help, Shift-Dir - straight line, f - ceb's ghost
Aim: ceb's ghost The magic dart hits ceb's ghost.
You now have 5/9 mp.
There is a stone staircase leading up here.
Casting: Magic Dart
Confirm with . or Enter, or press ? or * to list all spells.
Aiming: Magic Dart
Press: ? - help, Shift-Dir - straight line, f/p - ceb's ghost
Aim: ceb's ghost The magic dart hits ceb's ghost.
Ceb's ghost is lightly damaged.
Casting: Magic Dart
Confirm with . or Enter, or press ? or * to list all spells.
Aiming: Magic Dart
Press: ? - help, Shift-Dir - straight line, f/p - ceb's ghost
Aim: ceb's ghost (lightly damaged)
The magic dart hits ceb's ghost.
Ceb's ghost is moderately damaged.
Ceb's ghost hits you!
You take 9 damage, and have 22/31 hp.
MASSIVE DAMAGE!!
You now have 5/9 mp.
Casting: Magic Dart
Confirm with . or Enter, or press ? or * to list all spells.
Aiming: Magic Dart
Press: ? - help, Shift-Dir - straight line, f/p - ceb's ghost
Aim: ceb's ghost (moderately damaged)
The magic dart hits ceb's ghost.
Ceb's ghost is heavily damaged.
Ceb's ghost sneers, "Do you call that fighting?"
Ceb's ghost hits you but does no damage.
You now have 4/9 mp.
Casting: Magic Dart
Confirm with . or Enter, or press ? or * to list all spells.
Aiming: Magic Dart
Press: ? - help, Shift-Dir - straight line, f/p - ceb's ghost
Aim: ceb's ghost (heavily damaged)
The magic dart hits ceb's ghost.
Ceb's ghost is heavily damaged.
Ceb's ghost misses you.
You now have 3/9 mp.
Casting: Magic Dart
Confirm with . or Enter, or press ? or * to list all spells.
Aiming: Magic Dart
Press: ? - help, Shift-Dir - straight line, f/p - ceb's ghost
Aim: ceb's ghost (heavily damaged)
The magic dart hits ceb's ghost.
Ceb's ghost is heavily damaged.
Ceb's ghost hits you!
* * * LOW HITPOINT WARNING * * *
You take 11 damage, and have 11/31 hp.
MASSIVE DAMAGE!!
You now have 2/9 mp.
Casting: Magic Dart
Confirm with . or Enter, or press ? or * to list all spells.
Aiming: Magic Dart
Press: ? - help, Shift-Dir - straight line, f/p - ceb's ghost
Aim: ceb's ghost (heavily damaged)
The magic dart hits ceb's ghost.
Ceb's ghost is severely damaged.
Ceb's ghost misses you.
You now have 1/9 mp.
Casting: Magic Dart
Confirm with . or Enter, or press ? or * to list all spells.
Aiming: Magic Dart
Press: ? - help, Shift-Dir - straight line, f/p - ceb's ghost
Aim: ceb's ghost (severely damaged)
The magic dart hits ceb's ghost.
Ceb's ghost is almost destroyed.
Ceb's ghost hits you!
* * * LOW HITPOINT WARNING * * *
You take 10 damage, and have 2/31 hp.
MASSIVE DAMAGE!!
You now have 0/9 mp.
It was a potion of lignification.
You turn into a tree.
Your +1 hat melds into your body.
Your roots penetrate the ground.
Ceb's ghost hits you.
* * * LOW HITPOINT WARNING * * *
You now have 2/46 hp.
You hit ceb's ghost but do no damage.
Ceb's ghost is almost destroyed.
Ceb's ghost hits you but does no damage.
Ceb's ghost hits you!
You die...

#.....####.......#.#
#(...........##....#
#............##....#
#..........#........
#####........##.....
#..................
#................[.
#..............>.#.
#.♣W.......###...#
#..........# #####
#...<......#
####.####### #.# ###


You could see ceb's ghost.

Vanquished Creatures
  Terence (D:2)
  4 adders
  An ooze (D:3)
  3 worms (D:2)
  A dart slug (D:2)
  A leopard gecko (D:1)
  8 bats (D:1)
  3 giant cockroaches (D:1)
  4 goblins
  5 hobgoblins
  12 jackals
  A quokka (D:2)
  7 frilled lizards
  6 kobolds
  3 rats
60 creatures vanquished.

Notes
Turn   | Place    | Note
-------+----------+-------------------------------------------
     0 | D:1      | Monsterracer the Octopode Wizard began the quest for the Orb.
     0 | D:1      | Reached XP level 1. HP: 11/11 MP: 4/4
    56 | D:1      | HP: 5/11 [giant cockroach (2)]
    59 | D:1      | HP: 2/11 [giant cockroach (1)]
   520 | D:1      | Reached skill level 2 in Conjurations
   520 | D:1      | Reached XP level 2. HP: 17/17 MP: 0/6
   613 | D:1      | Learned a level 2 spell: Blink
  1369 | D:1      | Reached XP level 3. HP: 21/21 MP: 4/7
  1377 | D:1      | Reached skill level 3 in Conjurations
  1387 | D:1      | Learned a level 3 spell: Conjure Flame
  2048 | D:2      | Reached XP level 4. HP: 27/27 MP: 3/8
  2053 | D:2      | Learned a level 3 spell: Mephitic Cloud
  2156 | D:2      | Reached skill level 4 in Conjurations
  2249 | D:2      | Noticed Terence
  2257 | D:2      | Killed Terence
  2261 | D:2      | HP: 13/27 [frilled lizard (2)]
  2426 | D:2      | Reached XP level 5. HP: 31/31 MP: 4/9
  3116 | D:3      | Noticed ceb's ghost (weakling DsFi)
  3284 | D:3      | HP: 6/31 [ceb's ghost (13)]
  3567 | D:3      | HP: 11/31 [ceb's ghost (11)]
  3569 | D:3      | HP: 2/31 [ceb's ghost (10)]
  3573 | D:3      | Mangled by ceb's ghost

Skill      XL: |  1  2  3  4 |
---------------+-------------+-----
Conjurations   | 2 3 4 |  4.9
Dodging        | |  2.0
Stealth        | |  2.6
Spellcasting   | |  3.0
Summonings     | |  1.0
Translocations | |  1.0

Action                   |  1- 3 |  4- 6 || total
-------------------------+-------+-------++-------
Melee: Unarmed           |     7 |       ||     7
       Dagger            |    33 |    11 ||    44
       Tentacles         |     7 |     2 ||     9
       Constrict         |    11 |     3 ||    14
       Flail             |       |     9 ||     9
 Cast: Magic Dart        |    73 |    79 ||   152
       Conjure Flame     |       |     2 ||     2
       Blink             |       |     2 ||     2
  Use: Scroll            |       |     4 ||     4
       Potion            |       |     1 ||     1
  Eat: Chunk             |     3 |     4 ||     7
Armor: Skin              |    15 |     5 ||    20
Dodge: Dodged            |    48 |    16 ||    64

Vault maps used:
D:1:      minmay_arrival_plants_in_alcoves
D:2:      uniq_terence
D:3:      gammafunk_temple_overflow_forgotten, corexii_leaking_fountain,
          minmay_misc_feat_alley, saegor_snake_ambush
